 Dungeon Crawl Stone Soup version 0.31.0-12-g77e489cdc1 (webtiles) character file.

Game seed: 17205081235682660320

623 RancidPinata the Covert (level 7, 0/50 HPs)
             Began as an Octopode Delver on Feb 25, 2024.
             Slain by a hound (5 damage)
             ... on level 6 of the Dungeon.
             The game lasted 00:06:16 (1370 turns).

RancidPinata the Covert (Octopode Delver)           Turns: 1370, Time: 00:06:17

Health: 0/50       AC:  1    Str: 13    XL:     7   Next: 46%
Magic:  7/7        EV: 14    Int: 12    God:
Gold:   36         SH:  0    Dex: 14    Spells: 6/6 levels left

rFire   . . .        a - +0 short sword
rCold   . . .        (no shield)
rNeg    . . .        (helmet restricted)
rPois   .            (no amulet)
rElec   .            (no ring)
rCorr   .            (no ring)
SInv    .            (no ring)
Will    .....        (no ring)
Stlth   +++++        (no ring)
HPRegen 0.28/turn    (no ring)
MPRegen 0.10/turn    (no ring)
                     (no ring)

%: no passive effects
@: no status effects
A: almost no armour, amphibious, 8 rings, camouflage 1, gelatinous body 1,
(nimble swimmer 1), tentacles
a: no special abilities


You were on level 6 of the Dungeon.
You visited 1 branch of the dungeon, and saw 3 of its levels.
You also visited: Sewer.

You collected 36 gold pieces.

Inventory:

Hand Weapons
 a - a +0 short sword (weapon)
Missiles
 g - 8 stones (quivered)
Wands
 f - a wand of digging (3)
Scrolls
 b - a scroll of fog
 c - a scroll of butterflies {unknown}
 h - a scroll of blinking
 i - a scroll of revelation
 j - 2 scrolls of enchant weapon {unknown}
Potions
 e - a potion of haste


   Skills:
 * Level 5.1 Fighting
 + Level 3.5 Short Blades
 * Level 4.5 Dodging
 * Level 8.9 Stealth


You had 6 spell levels left.
You didn't know any spells.
Your spell library contained the following spells:

 Spells                   Type           Power      Damage    Failure   Level
 Ensorcelled Hibernation  Hex/Ice        0%         N/A       45%         2
 Fugue of the Fallen      Necr           0%         N/A       69%         3
 Tukima's Dance           Hex            0%         N/A       69%         3
 Anguish                  Hex/Necr       0%         N/A       97%         4
 Passage of Golubria      Tloc           0%         N/A       97%         4
 Yara's Violent Unravell  Hex/Alch       0%         3d3       100%        5


Dungeon Overview and Level Annotations

Branches:
Dungeon (6/15)              Sewer (visited)
 Temple: D:4-7

Altars:
Cheibriados
Elyvilon
Makhleb
Uskayaw

Annotations:
D:5 Eustachio


Innate Abilities, Weirdness & Mutations

You cannot wear most types of armour.
You are amphibious.
You can wear up to eight rings at the same time.
Your skin changes colour to match your surroundings (Stealth+).
Your rubbery body absorbs attacks. (AC +1, EV +1)
((You are camouflaged when in or above water. (Stealth+)))
You have tentacles for arms and can constrict up to eight enemies at once.


Message History

The hound closely misses you. The hound attacks as it pursues you!
The hound bites you but does no damage. The hound completely misses you.
The hound attacks as it pursues you! The hound barely misses you.
The hound bites you.
* * * LOW HITPOINT WARNING * * *
The hound closely misses you. The hound attacks as it pursues you!
The hound closely misses you. The hound attacks as it pursues you!
The hound misses you. The hound barely misses you. The hound bites you.
* * * LOW HITPOINT WARNING * * *
The hound attacks as it pursues you! The hound bites you but does no damage.
The adder closely misses you. The hound attacks as it pursues you!
The hound closely misses you. The hound barely misses you.
The hound closely misses you. The adder bites you.
* * * LOW HITPOINT WARNING * * *
The adder attacks as it pursues you! The adder bites you but does no damage.
The adder attacks as it pursues you! The adder closely misses you.
The adder closely misses you. The adder attacks as it pursues you!
The adder misses you.
There is a stone staircase leading down here.
You can't go up here!
The hound bites you.
* * * LOW HITPOINT WARNING * * *
The adder misses you. The hound misses you. The adder completely misses you.
You climb downwards.
There is a stone staircase leading up here.
You hit the adder.
You kill the adder!
The hound bites you.
* * * LOW HITPOINT WARNING * * *
The hound attacks as it pursues you! The hound bites you.
* * * LOW HITPOINT WARNING * * *
The hound bites you.
* * * LOW HITPOINT WARNING * * *
The hound attacks as it pursues you! The hound bites you.
You die...

.##......
.......... # .
..#....:..
.#....
#.#.......
......
#.........
K.....
#.........
8.....
#.†......#
......
###<.......#
K.8...
#@h.W......#
..(...
#...............
8.....
#..............#
....##
###............B
..............#
#######........#
###.###### ##


You could see a phantom and a hound.

Vanquished Creatures
  Grinder (D:4)
  An ogre (D:4)
  2 bullfrogs (Sewer)
  A scorpion (D:5)
  A bombardier beetle (D:5)
  8 adders
  8 dart slugs (Sewer)
  2 ribbon worms (D:4)
  An orc (D:5)
  An endoplasm (D:4)
  10 giant cockroaches (Sewer)
  A hobgoblin (D:4)
  8 ball pythons
  6 frilled lizards (Sewer)
51 creatures vanquished.

Notes
Turn   | Place    | Note
-------+----------+-------------------------------------------
     0 | D:5      | RancidPinata the Octopode Delver began the quest for the
                  | Orb.
     0 | D:5      | Reached XP level 1. HP: 16/16 MP: 1/1
     1 | D:6      | Noticed a phantom
     2 | D:6      | Noticed a bombardier beetle
    14 | D:5      | Noticed an ogre
    31 | D:5      | Noticed an orc priest
    33 | D:5      | Noticed a troll
    79 | D:4      | Noticed an ogre
   194 | D:4      | Found a white marble altar of Elyvilon.
   219 | D:4      | Reached XP level 2. HP: 21/21 MP: 2/2
   234 | D:4      | Found a glowing drain.
   260 | Sewer    | Entered a sewer
   275 | Sewer    | Reached skill level 7 in Stealth
   275 | Sewer    | Reached XP level 3. HP: 20/26 MP: 3/3
   435 | Sewer    | Reached XP level 4. HP: 17/31 MP: 4/4
   571 | Sewer    | Noticed a bullfrog
   574 | Sewer    | Noticed a bullfrog
   581 | Sewer    | Killed a bullfrog
   582 | Sewer    | Reached XP level 5. HP: 14/37 MP: 5/5
   790 | Sewer    | Reached XP level 6. HP: 40/43 MP: 6/6
   899 | Sewer    | Reached skill level 8 in Stealth
  1036 | D:4      | Noticed Grinder
  1037 | D:4      | Found a snail-covered altar of Cheibriados.
  1053 | D:4      | Killed Grinder
  1054 | D:4      | Reached XP level 7. HP: 7/49 MP: 7/7
  1220 | D:5      | Reached skill level 5 in Fighting
  1229 | D:5      | Noticed Eustachio
  1268 | D:5      | Found a hide-covered altar of Uskayaw.
  1304 | D:5      | Found a burning altar of Makhleb.
  1304 | D:5      | Noticed a steam dragon
  1370 | D:6      | Slain by a hound

Illustrated notes

Levels and vault maps discovered:
D:4:      layout_loops_ring, elyvilon_altar_3,
          nicolae_wu_jian_immortal_techniques, general_overflow_altar,
          lemuel_round_altar, serial_shops, nicolae_shop_window_shopping,
          cheibrodos_sewer_entry_bend, uniq_grinder
D:5:      layout_basic, mainiacjoe_overflow_24_doors, fedhas_altar_4,
          hangedman_feature_mirror, uniq_eustachio
D:6:      layout_rooms, nicolae_ossuary_entry_monument

Skill      XL: |  1  2  3  4  5  6  7 |
---------------+----------------------+-----
Stealth        | 7 8 |  8.9
Dodging        | 3 4 |  4.5
Fighting       | 4 5 |  5.1
Short Blades   | 3 |  3.5

Action                     |  1- 3 |  4- 6 |  7- 9 || total
---------------------------+-------+-------+-------++-------
  Melee: Short sword       |    38 |    69 |    20 ||   127
         Tentacles         |     7 |    13 |     3 ||    23
         Constrict         |     7 |    14 |     2 ||    23
         Punch             |       |     1 |       ||     1
    Use: Scroll            |     1 |       |     1 ||     2
   Stab: Sleeping          |     7 |    12 |     1 ||    20
 Armour: Skin              |    13 |    24 |    21 ||    58
  Dodge: Dodged            |    12 |    42 |    37 ||    91
